 Dungeon Crawl Stone Soup version 0.25-a0-890-g62861fb195 (webtiles) character file.

Game seed: 6047250865227795494, levelgen mode: classic

179 EnegeticOcto the Slasher (level 5, -19/37 HPs)
             Began as an Octopode Fighter on May 2, 2020.
             Demolished by an ogre
             ... wielding a +0 giant club
              (24 damage)
             ... on level 4 of the Dungeon.
             The game lasted 00:00:47 (2520 turns).

EnegeticOcto the Slasher (Octopode Fighter)         Turns: 2520, Time: 00:00:47

Health: -19/37     AC:  1    Str: 17    XL:     5   Next: 59%
Magic:  5/5        EV: 11    Int: 10    God:
Gold:   26         SH:  9    Dex: 11    Spells: 4/4 levels left

rFire    . . .     SeeInvis .   a - +0 long sword
rCold    . . .     Gourm    .   b - +0 kite shield
rNeg     . . .     Faith    .   (helmet restricted)
rPois    .         Spirit   .   (no amulet)
rElec    .         Reflect  .   (no ring)
rCorr    .         Harm     .   (no ring)
MR       .....                  (no ring)
Stlth    ++........             (no ring)
HPRegen  0.12/turn              (no ring)
MPRegen  0.09/turn              (no ring)
                                (no ring)
                                (no ring)

@: no status effects
A: almost no armour, stealthy swim, amphibious, 8 rings, constrict 8, camouflage
1, gelatinous body 1
a: no special abilities


You were on level 4 of the Dungeon.
You were not hungry.

You visited 1 branch of the dungeon, and saw 4 of its levels.

You collected 26 gold pieces.

Inventory:

Hand Weapons
 a - a +0 long sword (weapon)
Armour
 b - a +0 kite shield (worn)
Scrolls
 d - 3 scrolls of blinking {unknown}
 f - a scroll of fog {unknown}
 g - 3 scrolls of identify {unknown}
 h - 2 scrolls of remove curse {unknown}
 i - a scroll of fear {unknown}
 j - 2 scrolls of immolation {unknown}
 m - a scroll of magic mapping {unknown}
Potions
 c - 2 potions of haste {unknown}
 k - 2 potions of might {@q3}
 l - 3 potions of heal wounds {unknown}
 n - 2 potions of brilliance {unknown}
 o - a potion of lignification {unknown}
 q - a potion of curing {unknown}
Comestibles
 e - 5 rations
 p - 2 chunks of flesh


   Skills:
 + Level 4.0 Fighting
 * Level 4.2 Long Blades
 - Level 3.0 Dodging
 + Level 3.9 Shields


You had 4 spell levels left.
You didn't know any spells.
Your spell library was empty.

Dungeon Overview and Level Annotations

Branches:
Dungeon (4/15)
 Temple: D:4-7

Altars:
Nemelex Xobeh


Innate Abilities, Weirdness & Mutations

You cannot wear most types of armour.
You are very stealthy in the water. (Stealth+)
You are amphibious.
You can wear up to eight rings at the same time.
You can use your tentacles to constrict eight enemies at once.
Your skin changes colour to match your surroundings (Stealth+).
Your rubbery body absorbs attacks. (AC +1, EV +1)


Message History

l - 3 fizzy puce potions (gained 1) Some of the chunks of flesh in your inventory have rotted away.
You hear the rusting of a distant drain.
A hound comes into view.
A hound is nearby!
A hound is nearby!
A hound is nearby!
A hound is nearby!
A hound is nearby!
The hound barks!
The hound closely misses you. The hound barely misses you.
You riposte.
You slash the hound! You grab the hound.
The hound is heavily wounded.
You hit the hound. You squeeze the hound.
You kill the hound!
Your Fighting skill increases to level 4!
No target in view!
No target in view!
No target in view!
No target in view!
No target in view!
No target in view!
No target in view!
Found a sparkling altar of Nemelex Xobeh.
A giant cockroach comes into view.
A giant cockroach is nearby!
A giant cockroach is nearby!
You barely miss the giant cockroach. Your grab misses the giant cockroach.
You squeeze the giant cockroach.
You kill the giant cockroach!
No target in view!
No target in view!
No target in view!
No target in view!
No target in view!
No target in view!
No target in view!
No target in view!
No target in view!
No target in view!
A leopard gecko comes into view.
You see here a giant cockroach corpse.
A leopard gecko is nearby!
A leopard gecko is nearby!
A leopard gecko is nearby!
The leopard gecko hisses angrily.
You completely miss the leopard gecko. You grab the leopard gecko.
You constrict the leopard gecko. The leopard gecko closely misses you.
You riposte.
You hit the leopard gecko.
You kill the leopard gecko!
No target in view!
No target in view!
No target in view!
No target in view!
No target in view!
No target in view!
You butcher the giant cockroach corpse.
p - 2 chunks of flesh (gained 1) As you open the door, it creaks loudly!
There is an open door here.
You open the door.
There is an open door here.
You hear the brisk rusting of a distant drain.
There is an open door here.
An ogre comes into view. It is wielding a +0 giant club.
The ogre shouts!
An ogre is nearby!
An ogre is nearby!
An ogre is nearby!
A worm comes into view.
A worm comes into view.
The ogre barely misses you.
You riposte.
You slash the ogre!
The ogre is moderately wounded.
You completely miss the ogre.
The ogre is moderately wounded.
The ogre closely misses you.
You riposte.
You barely miss the ogre.
The ogre is moderately wounded.
You hit the ogre.
The ogre is heavily wounded.
The ogre hits you with a +0 giant club!!
Ouch! That really hurt!
The worm bites you!
* * * LOW HITPOINT WARNING * * *
You are too injured to fight recklessly!
You are too injured to fight recklessly!
You are too injured to fight recklessly!
You are too injured to fight recklessly!
You are too injured to fight recklessly!
You are too injured to fight recklessly!
You are too injured to fight recklessly!
You are too injured to fight recklessly!
You are too injured to fight recklessly!
You are too injured to fight recklessly!
You are too injured to fight recklessly!
You are too injured to fight recklessly!
You slash the ogre!
The ogre is severely wounded.
The ogre hits you with a +0 giant club!!
Ouch! That really hurt!
You die...

#..... ..... #..##
###...# #########.....#
#########
#.............###.......#
#..............##........
#......÷.....#.@Ow.....≈.
#............#.###w≈.≈≈≈≈
##.......[.....# ≈≈#≈#≈#
+..)..........###≈≈≈≈≈≈
#.......###.....###### #
##.......# #.....#
#........# #.....#
###.##<### ##...## #....#
##..##


You could see an ogre and 2 worms.

Vanquished Creatures
  2 hounds (D:4)
  Terence (D:3)
  6 adders
  2 worms
  A dart slug (D:2)
  A leopard gecko (D:4)
  2 orcs
  A bat (D:3)
  2 giant cockroaches
  4 goblins
  2 hobgoblins
  2 jackals (D:3)
  2 quokkas
  A ball python (D:2)
  A frilled lizard (D:3)
  5 kobolds
  6 rats
41 creatures vanquished.

Notes
Turn   | Place    | Note
-------+----------+-------------------------------------------
     0 | D:1      | EnegeticOcto the Octopode Fighter began the quest for the
                  | Orb.
     0 | D:1      | Reached XP level 1. HP: 16/16 MP: 1/1
   288 | D:1      | You fall into a shaft and drop 1 floor!
   297 | D:2      | Reached XP level 2. HP: 21/21 MP: 2/2
   516 | D:2      | Reached XP level 3. HP: 25/26 MP: 3/3
  1398 | D:3      | Reached XP level 4. HP: 30/31 MP: 4/4
  1561 | D:3      | Noticed Terence
  1581 | D:3      | Killed Terence
  2196 | D:4      | Reached XP level 5. HP: 17/37 MP: 5/5
  2433 | D:4      | Found a sparkling altar of Nemelex Xobeh.
  2511 | D:4      | Noticed an ogre
  2520 | D:4      | Demolished by an ogre

Levels and vault maps discovered:
D:1:      dpeg_arrival_simpleton_c, layout_basic, minmay_distorted
D:2:      layout_rooms, first_ration
D:3:      layout_basic, uniq_terence
D:4:      layout_basic, lemuel_doored_altar, lightli_sewer_entry_pipes,
          supply_closet_lemuel

Skill      XL: |  1  2  3  4  5 |
---------------+----------------+-----
Long Blades    | 3 4 |  4.2
Fighting       | 4 |  4.0
Dodging        | |  3.0
Shields        | |  3.9

Action                   |  1- 3 |  4- 6 || total
-------------------------+-------+-------++-------
Melee: Long sword        |    41 |    44 ||    85
       Constrict         |    11 |    14 ||    25
       Tentacles         |     5 |     5 ||    10
 Stab: Sleeping          |     6 |       ||     6
       Distracted        |       |     1 ||     1
  Eat: Chunk             |     1 |     4 ||     5
Armor: Skin              |     2 |     3 ||     5
Dodge: Dodged            |    18 |    18 ||    36
Block: Kite shield       |    17 |    21 ||    38
       Rpst.: Long sword |     7 |     7 ||    14

Table legend:
 A = Non-vault XP
 B = Vault XP
 C = Vault XP percentage of total XP
 D = Non-vault monster count
 E = Vault monster count
 F = Vault count percentage of total count
                 A         B        C        D         E       F
            +---------+---------+-------+---------+---------+-------
      Total |     224 |      33 |  12.8 |      39 |       2 |   4.9
            +---------+---------+-------+---------+---------+-------
        D:1 |       6 |       1 |  14.3 |       4 |       1 |  20.0
        D:2 |      49 |       0 |   0.0 |      12 |       0 |   0.0
        D:3 |      53 |      32 |  37.6 |      16 |       1 |   5.9
        D:4 |     116 |       0 |   0.0 |       7 |       0 |   0.0
            +---------+---------+-------+---------+---------+-------
